[Event "European Online Club-ch-E 2021"]
[Site "Online"]
[Date "2021.03.27"]
[Round "5.15"]
[White "Kukk, Sander"]
[Black "Kocyigit, Buse Naz"]
[Result "0-1"]
[ECO "E60"]
[WhiteElo "2230"]
[BlackElo "2143"]
[Annotator "NA"]
[PlyCount "70"]
[EventDate "2021.03.27"]
[EventType "team-tourn"]
[EventCountry "NET"]
[SourceTitle "playchess.com"]
[Source "ChessBase"]
[SourceQuality "1"]
[TimeControl "900+5"]

1. b3 Nf6 2. Bb2 g6 3. e3 Bg7 4. Nf3 O-O 5. d4 d6 6. c4 e5 7. Be2 e4 8. Nfd2 h5 9. h3 h4 10. Nc3 Re8 11. Qc2 Bf5 12. O-O-O Nc6 13. a3 Qd7 14. Nf1 a5 15. g4 hxg3 16. Nxg3 Bxh3 17. Ncxe4 Nxe4 18. Nxe4 Bg2 19. Bd3 Bxh1 20. Rxh1 a4 21. d5 Ne5 22. f4 axb3 23. Qxb3 Nxd3+ 24. Qxd3 Qf5 25. Bxg7 Kxg7 26. Qc3+ Kf8 27. Ng5 Ke7 28. Rh7 Rf8 29. Ne6 Rg8 30. Kb2 g5 31. Rh5 fxe6 32. dxe6 Qf6 33. Rh7+ Kxe6 34. f5+ Kxf5 35. e4+ Ke6 0-1

[Event "European Online Club-ch-E 2021"]
[Site "Online"]
[Date "2021.03.27"]
[Round "5.16"]
[White "Ince, Safiye Oyku"]
[Black "Valner, Uku"]
[Result "0-1"]
[ECO "C10"]
[WhiteElo "1995"]
[BlackElo "2296"]
[Annotator "NA"]
[PlyCount "132"]
[EventDate "2021.03.27"]
[EventType "team-tourn"]
[EventCountry "NET"]
[SourceTitle "playchess.com"]
[Source "ChessBase"]
[SourceQuality "1"]
[TimeControl "900+5"]

1. e4 e6 2. d4 d5 3. Nd2 c6 4. Ngf3 dxe4 5. Nxe4 Nd7 6. Bd3 Ngf6 7. Bg5 Be7 8. Nxf6+ Nxf6 9. c3 Nd5 10. Bxe7 Qxe7 11. O-O O-O 12. Ne5 Nf4 13. Be4 c5 14. Qf3 Ng6 15. Rad1 cxd4 16. cxd4 Rb8 17. Rfe1 Rd8 18. Bxg6 hxg6 19. d5 Qf6 20. Qg3 Ra8 21. d6 Bd7 22. Rd3 Bc6 23. Nxc6 bxc6 24. d7 Qxb2 25. Qc7 Qb6 26. Qf4 a5 27. Red1 Ra7 28. Qg5 a4 29. Qe7 Raa8 30. Rh3 Qb5 31. g3 Qf5 32. Kg2 g5 33. Qd6 g6 34. f3 Ra5 35. Qxc6 Rd5 36. Rxd5 Qxd5 37. Qxd5 exd5 38. f4 gxf4 39. gxf4 Rxd7 40. Ra3 Ra7 41. Kf2 f6 42. Ke3 Kf7 43. Kd4 Ke6 44. Rg3 Kf5 45. Kxd5 Rd7+ 46. Kc4 Rd2 47. Ra3 Rxh2 48. Rxa4 Kxf4 49. Kd5+ Kg5 50. Ra5 f5 51. Ke6 Rb2 52. a4 Rb6+ 53. Ke5 f4 54. Ke4+ Kg4 55. Ra8 Re6+ 56. Kd5 Re1 57. Rg8 g5 58. a5 Ra1 59. Ra8 f3 60. Rf8 Rxa5+ 61. Ke4 Ra4+ 62. Ke3 Ra3+ 63. Kf2 Ra2+ 64. Ke3 Re2+ 65. Kd3 Re7 66. Kd2 Kg3 0-1

[Event "European Online Club-ch-E 2021"]
[Site "Online"]
[Date "2021.03.27"]
[Round "5.17"]
[White "Dedebas, Emre Emin"]
[Black "Kanakaris, Georgios"]
[Result "1/2-1/2"]
[ECO "D02"]
[WhiteElo "2335"]
[BlackElo "2400"]
[Annotator "NA"]
[PlyCount "61"]
[EventDate "2021.03.27"]
[EventType "team-tourn"]
[EventCountry "NET"]
[SourceTitle "playchess.com"]
[Source "ChessBase"]
[SourceQuality "1"]
[TimeControl "900+5"]

1. d4 Nf6 2. Bf4 e6 3. e3 c5 4. c3 Nc6 5. Nd2 d5 6. Ngf3 cxd4 7. exd4 Nh5 8. Be3 Bd6 9. Ne5 g6 10. Be2 Ng7 11. Nd3 f6 12. f4 Nf5 13. Bf2 h5 14. Bf3 Qc7 15. g3 Bd7 16. Nb3 b6 17. Qe2 Kf7 18. O-O a5 19. Rac1 a4 20. Nd2 Na5 21. Rfe1 Rae8 22. b3 Ba3 23. Rc2 Bb5 24. c4 Ba6 25. Nb1 axb3 26. axb3 Nxb3 27. cxd5 Qd6 28. dxe6+ Kg7 29. Qe4 Nbxd4 30. Rd2 Nxf3+ 31. Qxf3 1/2-1/2

[Event "European Online Club-ch-E 2021"]
[Site "Online"]
[Date "2021.03.27"]
[Round "5.18"]
[White "Stefanou, Dimitrios"]
[Black "Ozenir, Ekin Baris"]
[Result "0-1"]
[ECO "A27"]
[WhiteElo "2099"]
[BlackElo "2309"]
[Annotator "NA"]
[PlyCount "92"]
[EventDate "2021.03.27"]
[EventType "team-tourn"]
[EventCountry "NET"]
[SourceTitle "playchess.com"]
[Source "ChessBase"]
[SourceQuality "1"]
[TimeControl "900+5"]

1. c4 e5 2. Nc3 Nc6 3. Nf3 g6 4. d4 exd4 5. Nxd4 Bg7 6. Nxc6 bxc6 7. g3 Ne7 8. Bg2 O-O 9. O-O d6 10. Bg5 Bd7 11. Qd2 f6 12. Bh6 Rb8 13. Bxg7 Kxg7 14. Rad1 c5 15. b3 Qe8 16. e3 Bc6 17. Nd5 Nxd5 18. cxd5 Bd7 19. Rfe1 Rb4 20. Rb1 Qb8 21. Qc3 Re8 22. e4 Rd4 23. a3 Qb6 24. b4 Rb8 25. Rbc1 cxb4 26. Qxc7 Rb7 27. Qxb6 axb6 28. axb4 Rxb4 29. Re2 b5 30. Rec2 Kh6 31. f4 Ra4 32. Kf2 b4 33. Rb2 b3 34. Ke3 Rab4 35. Rc3 Ba4 36. Bf3 R7b5 37. Bd1 Rc5 38. Rxc5 dxc5 39. e5 fxe5 40. fxe5 Kg5 41. d6 Kf5 42. Bxb3 Kxe5 43. d7 Bxd7 44. Rb1 Bf5 45. Rc1 Rxb3+ 46. Kf2 Kd4 0-1

[Event "European Online Club-ch-E 2021"]
[Site "Online"]
[Date "2021.03.27"]
[Round "5.19"]
[White "Tarlabasi, Emirhan"]
[Black "Apostolakakis, Konstantinos"]
[Result "1-0"]
[ECO "D38"]
[WhiteElo "2301"]
[BlackElo "2074"]
[Annotator "NA"]
[PlyCount "65"]
[EventDate "2021.03.27"]
[EventType "team-tourn"]
[EventCountry "NET"]
[SourceTitle "playchess.com"]
[Source "ChessBase"]
[SourceQuality "1"]
[TimeControl "900+5"]

1. d4 Nf6 2. c4 e6 3. Nf3 Bb4+ 4. Nc3 d5 5. Qa4+ Nc6 6. e3 O-O 7. Bd2 Re8 8. Be2 a6 9. a3 Bxc3 10. Bxc3 Ne4 11. O-O Nxc3 12. bxc3 Qf6 13. Rab1 Rd8 14. Rfd1 Rb8 15. Qc2 h6 16. a4 Bd7 17. Qa2 Bc8 18. h3 g5 19. Nh2 Qg6 20. Bf3 Ne7 21. Qe2 c6 22. e4 dxe4 23. Bxe4 f5 24. Bc2 Re8 25. Qe5 Bd7 26. Ng4 Rf8 27. Qd6 Qe8 28. Ne5 Rd8 29. Rxb7 Nc8 30. Qc7 Rf6 31. c5 Rf8 32. Nxd7 Rf7 33. Nf6+ 1-0

[Event "European Online Club-ch-E 2021"]
[Site "Online"]
[Date "2021.03.27"]
[Round "5.20"]
[White "Zisiadis, Dimitrios"]
[Black "Dolgun, Can"]
[Result "0-1"]
[ECO "D03"]
[WhiteElo "2042"]
[BlackElo "2133"]
[Annotator "NA"]
[PlyCount "136"]
[EventDate "2021.03.27"]
[EventType "team-tourn"]
[EventCountry "NET"]
[SourceTitle "playchess.com"]
[Source "ChessBase"]
[SourceQuality "1"]
[TimeControl "900+5"]

1. d4 Nf6 2. Nf3 g6 3. Bg5 Bg7 4. Nbd2 d5 5. c3 O-O 6. e3 c5 7. Be2 Nc6 8. O-O Bf5 9. dxc5 e5 10. Qa4 h6 11. Bh4 g5 12. Bg3 Qe8 13. b4 Nd4 14. Qd1 Bc2 15. Qe1 Nxe2+ 16. Qxe2 e4 17. Ne1 Ba4 18. Bd6 Bb5 19. Qd1 Bxf1 20. Nxf1 a5 21. Bxf8 Kxf8 22. a3 Qe5 23. Rc1 Ne8 24. Qb3 axb4 25. axb4 Nc7 26. c4 dxc4 27. Qxc4 Nd5 28. Nc2 Qb2 29. Nd4 Nxb4 30. Re1 Nd3 31. Re2 Qb4 32. Qxb4 Nxb4 33. g4 Nd3 34. Rc2 Rc8 35. Ng3 Rxc5 36. Rxc5 Nxc5 37. Ndf5 b5 38. Nd6 b4 39. Ngxe4 b3 40. Nd2 Bc3 41. Nb1 Bb4 42. Nc4 Ke7 43. Kf1 Ke6 44. Ke2 Kd5 45. Nb6+ Kc6 46. Nc4 Kb5 47. Nb2 Ne4 48. f4 Nc3+ 49. Nxc3+ Bxc3 50. Nd3 b2 51. Nxb2 Bxb2 52. fxg5 hxg5 53. Kd3 Kc5 54. Ke4 Kd6 55. Kf5 f6 56. e4 Be5 57. h3 Ke7 58. Kg6 Ke6 59. Kh5 Bg3 60. Kg6 Ke5 61. Kg7 Bh4 62. Kg6 Kxe4 63. Kxf6 Kf4 64. Ke6 Kg3 65. Ke5 Kxh3 66. Kf5 Kg3 67. Ke4 Kxg4 68. Ke3 Kg3 0-1

[Event "European Online Club-ch-E 2021"]
[Site "Online"]
[Date "2021.03.27"]
[Round "6.1"]
[White "Helie, Marc"]
[Black "Stefanou, Dimitrios"]
[Result "1/2-1/2"]
[ECO "A64"]
[WhiteElo "2083"]
[BlackElo "2099"]
[Annotator "NA"]
[PlyCount "36"]
[EventDate "2021.03.27"]
[EventType "team-tourn"]
[EventCountry "NET"]
[SourceTitle "playchess.com"]
[Source "ChessBase"]
[SourceQuality "1"]
[TimeControl "900+5"]

1. d4 Nf6 2. c4 e6 3. Nc3 c5 4. d5 exd5 5. cxd5 d6 6. g3 g6 7. Bg2 Bg7 8. Nf3 O-O 9. O-O Re8 10. Nd2 a6 11. a4 Nbd7 12. Nc4 Nb6 13. Na3 Nbd7 14. h3 Qc7 15. Nc4 Ne5 16. Na3 Ned7 17. Nc4 Ne5 18. Na3 Ned7 1/2-1/2

[Event "European Online Club-ch-E 2021"]
[Site "Online"]
[Date "2021.03.27"]
[Round "6.2"]
[White "Koutlas, Nikolaos"]
[Black "Barbini, Denis"]
[Result "1-0"]
[ECO "B09"]
[WhiteElo "2078"]
[BlackElo "2035"]
[Annotator "NA"]
[PlyCount "87"]
[EventDate "2021.03.27"]
[EventType "team-tourn"]
[EventCountry "NET"]
[SourceTitle "playchess.com"]
[Source "ChessBase"]
[SourceQuality "1"]
[TimeControl "900+5"]

1. e4 d6 2. d4 Nf6 3. Nc3 g6 4. f4 Bg7 5. Nf3 c5 6. Bb5+ Bd7 7. e5 Ng4 8. Bxd7+ Qxd7 9. h3 cxd4 10. Qxd4 Nh6 11. Qf2 O-O 12. O-O dxe5 13. fxe5 Nc6 14. Bf4 f6 15. Rad1 Qf5 16. Qe3 Nf7 17. g4 Qe6 18. exf6 Qxe3+ 19. Bxe3 exf6 20. Rd7 b6 21. Rc7 Rac8 22. Rxc8 Rxc8 23. Nd5 Rd8 24. c4 Nfe5 25. Nxe5 Nxe5 26. b3 b5 27. Rd1 Rb8 28. Bxa7 Ra8 29. cxb5 Rxa7 30. b6 Rb7 31. Rc1 Rb8 32. Rc7 f5 33. b7 Nf3+ 34. Kf2 Be5 35. Rc8+ Kf7 36. Rxb8 Bxb8 37. Kxf3 fxg4+ 38. hxg4 Ke6 39. Nb4 Kd6 40. Na6 Ba7 41. b8=Q+ Bxb8 42. Nxb8 Kc5 43. g5 Kb4 44. Nc6+ 1-0

[Event "European Online Club-ch-E 2021"]
[Site "Online"]
[Date "2021.03.27"]
[Round "6.3"]
[White "Thereze, Ludovic"]
[Black "Apostolakakis, Konstantinos"]
[Result "0-1"]
[ECO "E20"]
[WhiteElo "2007"]
[BlackElo "2074"]
[Annotator "NA"]
[PlyCount "32"]
[EventDate "2021.03.27"]
[EventType "team-tourn"]
[EventCountry "NET"]
[SourceTitle "playchess.com"]
[Source "ChessBase"]
[SourceQuality "1"]
[TimeControl "900+5"]

1. d4 Nf6 2. c4 e6 3. Nc3 Bb4 4. Bd2 O-O 5. g3 d5 6. Bg2 dxc4 7. Qa4 c5 8. dxc5 Bxc5 9. Qxc4 Bxf2+ 10. Kxf2 Qxd2 11. Nf3 Qd6 12. Rhd1 Qb6+ 13. Kf1 Nc6 14. Rd2 e5 15. Rad1 Ng4 16. Ne4 Ne3+ 0-1

[Event "European Online Club-ch-E 2021"]
[Site "Online"]
[Date "2021.03.27"]
[Round "6.4"]
[White "Zisiadis, Dimitrios"]
[Black "Marchadour, Emilie"]
[Result "1-0"]
[ECO "A57"]
[WhiteElo "2042"]
[BlackElo "2006"]
[Annotator "NA"]
[PlyCount "105"]
[EventDate "2021.03.27"]
[EventType "team-tourn"]
[EventCountry "NET"]
[SourceTitle "playchess.com"]
[Source "ChessBase"]
[SourceQuality "1"]
[TimeControl "900+5"]

1. d4 Nf6 2. c4 c5 3. d5 b5 4. f3 bxc4 5. e4 d6 6. Bxc4 g6 7. Nc3 Bg7 8. Nge2 O-O 9. O-O Ba6 10. Bd3 Qb6 11. Kh1 Nbd7 12. Rb1 Ne5 13. Bxa6 Qxa6 14. f4 Nd3 15. Be3 Rab8 16. Qd2 Rb4 17. Rfd1 c4 18. Nc1 Nxb2 19. Rxb2 Nxe4 20. Nxe4 Rxb2 21. Qe1 Rc8 22. Nc3 Qa3 23. Bd4 Bxd4 24. Rxd4 Rc2 25. N1e2 Qb2 26. h3 a5 27. Re4 Rc7 28. Qg3 Qa1+ 29. Kh2 Qf1 30. Qe3 Kf8 31. Qd4 f6 32. Qb6 Rd7 33. Qxa5 f5 34. Re6 Qf2 35. Qa4 Rxe2 36. Nxe2 Rb7 37. Qa8+ Kg7 38. Qxb7 c3 39. Qxe7+ Kh6 40. Qf8+ Kh5 41. Ng3+ Qxg3+ 42. Kxg3 c2 43. Qc8 Kh6 44. Qxc2 Kh5 45. Qe2+ Kh6 46. Kf2 Kg7 47. g4 fxg4 48. hxg4 Kh6 49. g5+ Kg7 50. Re7+ Kf8 51. Ra7 h5 52. Qe7+ Kg8 53. Qd8# 1-0

[Event "European Online Club-ch-E 2021"]
[Site "Online"]
[Date "2021.03.27"]
[Round "6.5"]
[White "Ozturk Orenli, Kubra"]
[Black "Dedebas, Emre Emin"]
[Result "1/2-1/2"]
[ECO "D21"]
[WhiteElo "2330"]
[BlackElo "2335"]
[Annotator "NA"]
[PlyCount "61"]
[EventDate "2021.03.27"]
[EventType "team-tourn"]
[EventCountry "NET"]
[SourceTitle "playchess.com"]
[Source "ChessBase"]
[SourceQuality "1"]
[TimeControl "900+5"]

1. d4 d5 2. c4 dxc4 3. Nf3 c5 4. e3 cxd4 5. Bxc4 Qc7 6. Qb3 e6 7. exd4 Nc6 8. O-O a6 9. Be2 Nf6 10. Nc3 Be7 11. Bg5 O-O 12. Rac1 Qa5 13. Rfd1 Rd8 14. Bh4 Nd5 15. Nxd5 Qxd5 16. Qxd5 Rxd5 17. Bc4 Rd8 18. d5 exd5 19. Bxd5 Bxh4 20. Nxh4 Be6 21. Bxe6 fxe6 22. Nf3 h6 23. Kf1 Kf7 24. Ke2 Kf6 25. a3 g5 26. h3 Rac8 27. Rc3 Rxd1 28. Kxd1 Rd8+ 29. Ke2 Rd5 30. Rb3 Na5 31. Rd3 1/2-1/2

[Event "European Online Club-ch-E 2021"]
[Site "Online"]
[Date "2021.03.27"]
[Round "6.6"]
[White "Angun, Batu"]
[Black "Caglar, Sila"]
[Result "1-0"]
[ECO "D24"]
[WhiteElo "2326"]
[BlackElo "2250"]
[Annotator "NA"]
[PlyCount "101"]
[EventDate "2021.03.27"]
[EventType "team-tourn"]
[EventCountry "NET"]
[SourceTitle "playchess.com"]
[Source "ChessBase"]
[SourceQuality "1"]
[TimeControl "900+5"]

1. d4 Nf6 2. c4 e6 3. Nf3 d5 4. Nc3 dxc4 5. e4 b5 6. e5 Nd5 7. Nxb5 Nb6 8. Be2 Nc6 9. O-O Be7 10. Nc3 O-O 11. Be3 Bb7 12. Rc1 Nb4 13. a3 N4d5 14. Nxd5 exd5 15. Qc2 a5 16. Nd2 Rc8 17. f4 c5 18. Nf3 Nd7 19. Rcd1 cxd4 20. Nxd4 Bc5 21. Bf3 Qb6 22. Qf2 Rfd8 23. Nf5 Bxe3 24. Qxe3 Qxe3+ 25. Nxe3 Nb6 26. Nf5 Rc7 27. Rf2 g6 28. Nd4 Ba6 29. Rfd2 c3 30. Rc2 Na4 31. bxc3 Nxc3 32. Rdc1 Rdc8 33. Bg4 Ne2+ 34. Nxe2 Rxc2 35. Bxc8 Rxc1+ 36. Nxc1 Bxc8 37. Kf2 f6 38. Ke3 Bf5 39. Kd4 Be4 40. g3 Kf7 41. Nb3 Ke6 42. Nc5+ Ke7 43. Nxe4 dxe4 44. Kxe4 fxe5 45. fxe5 Ke6 46. a4 h6 47. h3 Ke7 48. Kd5 Kd7 49. e6+ Ke7 50. Ke5 Ke8 51. Kf6 1-0

[Event "European Online Club-ch-E 2021"]
[Site "Online"]
[Date "2021.03.27"]
[Round "6.7"]
[White "Kocyigit, Buse Naz"]
[Black "Ozenir, Ekin Baris"]
[Result "1/2-1/2"]
[ECO "A47"]
[WhiteElo "2143"]
[BlackElo "2309"]
[Annotator "NA"]
[PlyCount "83"]
[EventDate "2021.03.27"]
[EventType "team-tourn"]
[EventCountry "NET"]
[SourceTitle "playchess.com"]
[Source "ChessBase"]
[SourceQuality "1"]
[TimeControl "900+5"]

1. Nf3 Nf6 2. d4 b6 3. Bg5 e6 4. e4 h6 5. Bxf6 Qxf6 6. Bd3 Bb7 7. Nbd2 Qd8 8. Qe2 d6 9. a4 Nd7 10. a5 Rb8 11. O-O Be7 12. e5 Bxf3 13. Nxf3 d5 14. axb6 axb6 15. Bb5 O-O 16. Bc6 b5 17. Bxb5 c6 18. Bxc6 Rxb2 19. Ba4 Rb8 20. Rfb1 Nb6 21. Bb3 Qc7 22. Ra6 Ra8 23. Rba1 Rxa6 24. Rxa6 Ra8 25. Rxa8+ Nxa8 26. Qb5 Nb6 27. h4 Nc8 28. Qd3 Bb4 29. Qb5 Bf8 30. c4 dxc4 31. Qxc4 Qxc4 32. Bxc4 Nb6 33. Bb3 Be7 34. Kf1 Kf8 35. Ke2 Bb4 36. Kd3 Ke7 37. g4 Ba3 38. Ke4 Nd7 39. Ba4 Nb6 40. Bb3 Nd7 41. Ba4 Nb6 42. Bb3 1/2-1/2

[Event "European Online Club-ch-E 2021"]
[Site "Online"]
[Date "2021.03.27"]
[Round "6.8"]
[White "Tarlabasi, Emirhan"]
[Black "Ince, Safiye Oyku"]
[Result "1-0"]
[ECO "E12"]
[WhiteElo "2301"]
[BlackElo "1995"]
[Annotator "NA"]
[PlyCount "61"]
[EventDate "2021.03.27"]
[EventType "team-tourn"]
[EventCountry "NET"]
[SourceTitle "playchess.com"]
[Source "ChessBase"]
[SourceQuality "1"]
[TimeControl "900+5"]

1. d4 Nf6 2. c4 e6 3. Nf3 b6 4. a3 Ba6 5. Qc2 c5 6. d5 exd5 7. cxd5 g6 8. Nc3 Bg7 9. h4 d6 10. Bf4 b5 11. e3 O-O 12. h5 b4 13. axb4 Bxf1 14. Kxf1 cxb4 15. Nb5 Qb6 16. Nc7 b3 17. Nxa8 bxc2 18. Nxb6 axb6 19. h6 Bh8 20. Rc1 Rc8 21. Nd4 Nxd5 22. Rxc2 Rxc2 23. Nxc2 Nxf4 24. exf4 Bxb2 25. Ke2 Nd7 26. Rd1 Kf8 27. Rxd6 Ke7 28. Rc6 Bf6 29. Kd3 b5 30. Ne3 b4 31. Nd5+ 1-0

[Event "European Online Club-ch-E 2021"]
[Site "Online"]
[Date "2021.03.27"]
[Round "6.10"]
[White "Chukavin, Kirill"]
[Black "Guseinov, Gadir"]
[Result "0-1"]
[ECO "B23"]
[WhiteElo "2384"]
[BlackElo "2665"]
[Annotator "ChessBase"]
[PlyCount "26"]
[EventDate "2021.03.27"]
[EventType "team-tourn"]
[EventCountry "NET"]
[SourceTitle "playchess.com"]
[Source "ChessBase"]
[SourceQuality "1"]
[TimeControl "900+5"]

1. e4 c5 2. Nc3 g6 3. d4 cxd4 4. Qxd4 Nf6 5. e5 Nc6 6. Qf4 Nh5 7. Qe4 d6 8. g4 f5 9. gxf5 Bxf5 10. Qa4 Bg7 11. Nf3 O-O 12. Qb3+ Kh8 13. Qxb7 Rc8 0-1

[Event "European Online Club-ch-E 2021"]
[Site "Online"]
[Date "2021.03.27"]
[Round "6.11"]
[White "Durarbayli, Vasif"]
[Black "Kukk, Sander"]
[Result "1-0"]
[ECO "B08"]
[WhiteElo "2606"]
[BlackElo "2230"]
[Annotator "ChessBase"]
[PlyCount "45"]
[EventDate "2021.03.27"]
[EventType "team-tourn"]
[EventCountry "NET"]
[SourceTitle "playchess.com"]
[Source "ChessBase"]
[SourceQuality "1"]
[TimeControl "900+5"]

1. e4 g6 2. d4 Bg7 3. Nc3 d6 4. Be3 Nf6 5. h3 O-O 6. Nf3 c6 7. Qd2 Qc7 8. Bh6 e5 9. O-O-O Nbd7 10. h4 b5 11. Bxg7 Kxg7 12. dxe5 dxe5 13. h5 Nc5 14. Qg5 h6 15. Qh4 Rh8 16. hxg6 fxg6 17. Bxb5 g5 18. Nxg5 cxb5 19. Nf3 Qe7 20. Qg3+ Ng4 21. Rh5 Qf7 22. Rxe5 b4 23. Rxc5 1-0

[Event "European Online Club-ch-E 2021"]
[Site "Online"]
[Date "2021.03.27"]
[Round "6.12"]
[White "Liiva, Riho"]
[Black "Safarli, Eltaj"]
[Result "1/2-1/2"]
[ECO "C49"]
[WhiteElo "2443"]
[BlackElo "2598"]
[Annotator "ChessBase"]
[PlyCount "124"]
[EventDate "2021.03.27"]
[EventType "team-tourn"]
[EventCountry "NET"]
[SourceTitle "playchess.com"]
[Source "ChessBase"]
[SourceQuality "1"]
[TimeControl "900+5"]

1. e4 e5 2. Nf3 Nc6 3. Nc3 Nf6 4. Bb5 Bb4 5. O-O O-O 6. Bxc6 dxc6 7. d3 Nd7 8. Ne2 Re8 9. h3 Nf8 10. Nh2 Ng6 11. Kh1 Bd6 12. f4 exf4 13. Nxf4 c5 14. Qf3 Be6 15. Nxe6 fxe6 16. Qh5 Bxh2 17. Kxh2 Qd4 18. Qe2 Rf8 19. c3 Qd6+ 20. Kg1 Rxf1+ 21. Qxf1 Rf8 22. Qe2 Ne5 23. Be3 Qxd3 24. Re1 Qxe2 25. Rxe2 b6 26. Bf2 Nd3 27. Bg3 c6 28. Bd6 Rd8 29. e5 c4 30. b3 cxb3 31. axb3 Rd7 32. Re3 Nf4 33. c4 a5 34. h4 b5 35. g3 Ng6 36. cxb5 cxb5 37. Rc3 Ne7 38. Rc5 Nf5 39. Rxb5 Nxd6 40. exd6 Rxd6 41. Kf2 Rd5 42. Rb7 Rd4 43. Re7 Rb4 44. Rxe6 Rxb3 45. Ra6 Ra3 46. h5 a4 47. Ra7 Ra1 48. Kf3 a3 49. Kg4 h6 50. Ra8+ Kf7 51. Ra6 a2 52. Ra3 Ke6 53. Ra6+ Kd5 54. Ra5+ Ke4 55. Ra8 Ke3 56. Ra3+ Kd4 57. Ra4+ Kc3 58. Ra8 Kb3 59. Rb8+ Kc4 60. Ra8 Kb3 61. Rb8+ Kc4 62. Ra8 Kb3 1/2-1/2

[Event "European Online Club-ch-E 2021"]
[Site "Online"]
[Date "2021.03.27"]
[Round "6.13"]
[White "Oparin, Grigoriy"]
[Black "Westerberg, Jonathan"]
[Result "1-0"]
[ECO "D02"]
[WhiteElo "2652"]
[BlackElo "2534"]
[Annotator "ChessBase"]
[PlyCount "123"]
[EventDate "2021.03.27"]
[EventType "team-tourn"]
[EventCountry "NET"]
[SourceTitle "playchess.com"]
[Source "ChessBase"]
[SourceQuality "1"]
[TimeControl "900+5"]

1. Nf3 d5 2. g3 Nd7 3. d4 Nb6 4. Nc3 Nf6 5. Bg2 h6 6. Qd3 c6 7. O-O g6 8. e4 dxe4 9. Nxe4 Bg7 10. Nxf6+ Bxf6 11. Re1 Bf5 12. Qe2 Bg4 13. h3 Bxf3 14. Qxf3 Bg7 15. c3 O-O 16. h4 e6 17. Re2 Nd5 18. Bd2 a6 19. Rd1 a5 20. b3 a4 21. c4 Ne7 22. Bb4 Re8 23. h5 g5 24. Red2 axb3 25. axb3 Qc7 26. Bh3 Rad8 27. Rd3 b6 28. Ba3 Ra8 29. Bb4 Rad8 30. Qe3 Bf6 31. Ba3 Kg7 32. Qf3 Rd7 33. Bg2 Rc8 34. Bb2 Rcd8 35. Qe2 Ng8 36. b4 Qd6 37. Bc3 Ne7 38. Qb2 Kg8 39. c5 Qc7 40. d5 Bxc3 41. d6 Bxb2 42. dxc7 Nd5 43. cxd8=Q+ Rxd8 44. cxb6 Rb8 45. b5 Rxb6 46. bxc6 Rxc6 47. Bxd5 exd5 48. Rxd5 Kg7 49. Rd7 Rf6 50. R1d5 Ba3 51. Kg2 Bb4 52. Rd3 Re6 53. Rf3 Be7 54. Re3 Rxe3 55. fxe3 Bc5 56. Kf3 Kf6 57. g4 Be7 58. Ke4 Bc5 59. Rc7 Ba3 60. Rc6+ Kg7 61. Kd5 Bc1 62. Rxc1 1-0

[Event "European Online Club-ch-E 2021"]
[Site "Online"]
[Date "2021.03.27"]
[Round "6.14"]
[White "Arman, Deniz"]
[Black "Moussard, Jules"]
[Result "1/2-1/2"]
[ECO "B22"]
[WhiteElo "2336"]
[BlackElo "2635"]
[Annotator "ChessBase"]
[PlyCount "115"]
[EventDate "2021.03.27"]
[EventType "team-tourn"]
[EventCountry "NET"]
[SourceTitle "playchess.com"]
[Source "ChessBase"]
[SourceQuality "1"]
[TimeControl "900+5"]

1. e4 c5 2. c3 Nf6 3. e5 Nd5 4. d4 cxd4 5. Nf3 Nc6 6. Bc4 Nb6 7. Bb3 d6 8. exd6 e6 9. Nxd4 Nxd4 10. Qxd4 Qxd6 11. Be3 Qxd4 12. Bxd4 Bd7 13. O-O Bc6 14. Nd2 O-O-O 15. Nc4 Nxc4 16. Bxc4 a6 17. Rfd1 Be7 18. Bb6 Rd6 19. Rxd6 Bxd6 20. Rd1 Bc7 21. Bxc7 Kxc7 22. f4 h6 23. h4 g5 24. hxg5 hxg5 25. f5 b5 26. Bb3 exf5 27. Bxf7 f4 28. Bd5 Rd8 29. Bf3 Rxd1+ 30. Bxd1 Kd6 31. Bf3 Bd7 32. g3 Ke5 33. b4 Be6 34. Bb7 Bxa2 35. Bxa6 Bc4 36. Kf2 Ke4 37. Bb7+ Bd5 38. Ba6 Bc4 39. Bb7+ Ke5 40. Bc6 Kd6 41. Be8 Ke6 42. gxf4 gxf4 43. Bc6 Ke5 44. Be8 Bd3 45. Bd7 Kd6 46. Be8 Bc4 47. Kf3 Ke5 48. Bd7 Bd3 49. Be8 Kf5 50. Bd7+ Kg5 51. Be8 Bc4 52. Bc6 Kf5 53. Bd7+ Ke5 54. Be8 Bf1 55. Kf2 Bd3 56. Kf3 Bc4 57. Bd7 Bd3 58. Be8 1/2-1/2

[Event "European Online Club-ch-E 2021"]
[Site "Online"]
[Date "2021.03.27"]
[Round "6.15"]
[White "Gozzoli, Yannick"]
[Black "Cederstam Barsk, Carl"]
[Result "1/2-1/2"]
[ECO "A15"]
[WhiteElo "2600"]
[BlackElo "2366"]
[Annotator "ChessBase"]
[PlyCount "114"]
[EventDate "2021.03.27"]
[EventType "team-tourn"]
[EventCountry "NET"]
[SourceTitle "playchess.com"]
[Source "ChessBase"]
[SourceQuality "1"]
[TimeControl "900+5"]

1. d4 Nf6 2. c4 e6 3. Nf3 d5 4. g3 g6 5. Bg2 Bg7 6. O-O O-O 7. cxd5 exd5 8. Nc3 b6 9. Ne5 Be6 10. Bf4 Nh5 11. e3 Nxf4 12. exf4 c6 13. b4 a6 14. a4 Qd6 15. b5 axb5 16. axb5 Rxa1 17. Qxa1 c5 18. Rd1 Nd7 19. Qa3 Rc8 20. Nc6 Bf8 21. f5 Bxf5 22. Nxd5 Bg4 23. Re1 Be6 24. dxc5 Nxc5 25. Nxb6 Qd2 26. Qe3 Qxe3 27. Rxe3 Rc7 28. Nd5 Rb7 29. b6 Bxd5 30. Bxd5 Rxb6 31. Ne5 Ne6 32. Nd7 Rd6 33. Nf6+ Kh8 34. Bb3 Be7 35. Ne8 Rd8 36. Bxe6 fxe6 37. Nc7 Bc5 38. Re2 Rd6 39. Nxe6 Bb6 40. Kg2 Kg8 41. f4 h6 42. f5 gxf5 43. Nf4 Kf7 44. Kh3 Kf6 45. Kh4 Bd4 46. Kh5 Be5 47. Ng6 Bc3 48. Nh4 Rd2 49. Rxd2 Bxd2 50. Ng2 Kf7 51. h3 Kf6 52. Nh4 Bc1 53. Nf3 Be3 54. Nh4 Bf2 55. Nxf5 Kxf5 56. Kxh6 Bxg3 57. h4 Bxh4 1/2-1/2

[Event "European Online Club-ch-E 2021"]
[Site "Online"]
[Date "2021.03.27"]
[Round "6.17"]
[White "Mikhalevski, Victor"]
[Black "Chatalbashev, Boris"]
[Result "1-0"]
[ECO "D78"]
[WhiteElo "2552"]
[BlackElo "2530"]
[Annotator "ChessBase"]
[PlyCount "129"]
[EventDate "2021.03.27"]
[EventType "team-tourn"]
[EventCountry "NET"]
[SourceTitle "playchess.com"]
[Source "ChessBase"]
[SourceQuality "1"]
[TimeControl "900+5"]

1. d4 Nf6 2. Nf3 g6 3. g3 Bg7 4. Bg2 d5 5. O-O O-O 6. c4 c6 7. Qb3 a5 8. cxd5 a4 9. Qd1 cxd5 10. Nc3 Qa5 11. Ne5 Nc6 12. Bd2 Nxd4 13. e3 Nc6 14. Nxd5 Qd8 15. Nxc6 bxc6 16. Nb4 Bg4 17. Nxc6 Qd6 18. Qe1 Rae8 19. Bb4 Qe6 20. Nd4 Qc4 21. b3 Qa6 22. Rc1 axb3 23. axb3 e5 24. Nc6 e4 25. Qd2 Be2 26. Rfe1 Bd3 27. Bxf8 Bxf8 28. Bf1 Rc8 29. Nd4 Rb8 30. Bxd3 exd3 31. Red1 Ng4 32. Qxd3 Qf6 33. Qe2 h5 34. Rc6 Qe5 35. Rdc1 Kg7 36. h3 Nf6 37. Qf3 h4 38. Qf4 Re8 39. Qxe5 Rxe5 40. g4 Nd5 41. Ra1 Nb4 42. Rc4 Nd3 43. Rc3 Nc5 44. Ra7 Ne4 45. Rc6 Bc5 46. Rd7 Ng5 47. Kg2 Bxd4 48. Rxd4 Rb5 49. b4 Ne6 50. Re4 Kf6 51. Rc8 g5 52. Ra8 Rb6 53. Ra5 Kg6 54. Rd5 Kf6 55. b5 Rb7 56. Rc4 Ke7 57. Rc6 Rb8 58. b6 Nd8 59. Rc7+ Ke6 60. Rxg5 Rxb6 61. Rh5 Kd6 62. Ra7 f6 63. Rxh4 Ne6 64. Rh6 Ke5 65. Ra5+ 1-0